 Dungeon Crawl Stone Soup version 0.26-a0-491-g70697cc071 (webtiles) character file.

Game seed: 12939543775709145176

42 ANON1729 the Sneak (level 3, -6/34 HPs)
             Began as a Naga Delver on Aug 5, 2020.
             Was an Initiate of Wu Jian.
             Killed from afar by an orc wizard (7 damage)
             ... with a magic dart
             ... on level 5 of the Dungeon.
             The game lasted 00:03:51 (300 turns).

ANON1729 the Sneak (Naga Delver)                     Turns: 300, Time: 00:03:52

Health: -6/34      AC:  2    Str: 14    XL:     3   Next: 56%
Magic:  3/3        EV: 10    Int: 10    God:    Wu Jian [......]
Gold:   11         SH:  0    Dex: 13    Spells: 2/2 levels left

rFire    . . .     SeeInvis +   a - +0 falchion
rCold    . . .     Faith    .   (no shield)
rNeg     . . .     Spirit   .   b - +0 leather armour
rPois    +         Reflect  .   (no helmet)
rElec    .         Harm     .   (no cloak)
rCorr    .                      (no gloves)
MR       .....                  (no barding)
Stlth    +.........             (no amulet)
HPRegen  0.11/turn              (no ring)
MPRegen  0.08/turn              (no ring)

@: confused, short of breath, hasted, quick
A: large, see invisible, deformed body, poison resistance, slowness 2, spit
poison 1, AC +1
a: Spit Poison, Renounce Religion


You were on level 5 of the Dungeon.
You worshipped Wu Jian.
Wu Jian was noncommittal.
You visited 2 branches of the dungeon, and saw 3 of its levels.

You collected 11 gold pieces.

Inventory:

Hand Weapons
 a - a +0 falchion (weapon)
Armour
 b - a +0 leather armour (worn)
Wands
 g - a wand of digging (3)
 h - a wand of acid (12)
Scrolls
 c - a scroll of fog
 d - a scroll of magic mapping
 e - a scroll of fear


   Skills:
 + Level 3.4 Fighting
 + Level 2.5 Long Blades
 + Level 2.1 Dodging
 + Level 7.7 Stealth


You had 2 spell levels left.
You didn't know any spells.
Your spell library was empty.

Dungeon Overview and Level Annotations

Branches:
Dungeon (5/15)             Temple (1/1) D:5

Altars:
Cheibriados
Gozag
Makhleb
Okawaru
Ru
Wu Jian
Yredelemnul
The Shining One

Annotations:
D:5 1 runed translucent door, exclusions: adder and jelly, Crazy Yiuf


Innate Abilities, Weirdness & Mutations

You cannot wear boots.
Your serpentine skin is tough. (AC +1)
You have supernaturally acute eyesight. (SInv)
Armour fits poorly on your strangely shaped body.
Your system is resistant to poisons. (rPois)
You cover ground very slowly.
You can spit poison.


Message History

You kill the orc priest!
The Council accepts your kill.
Your Dodging skill increases to level 2!
You have reached level 3!
Your experience leads to an increase in your attributes!
Increase (S)trength, (I)ntelligence, or (D)exterity?
You feel agile.
Your skin feels tougher.
The orc wizard gestures at you while chanting.
You are confused.
You feel yourself speed up.
The orc wizard gestures at you while chanting.
The puff of flame hits you.
* * * LOW HITPOINT WARNING * * *
You hit the orc wizard but do no damage.
The orc wizard points at you and mumbles some strange words.
The magic dart hits you!
* * * LOW HITPOINT WARNING * * *
The orc wizard gestures at you while chanting.
The magic dart hits you!
You die...

............##.#..........+......
.#..........##.......######......
...........o##.......+....J......
..........o..#.......###.........
#............#.......# ...##..
#........o..o#.......###
#....o.......###'###...#
.......#.....#...##
....?..#)⌠@⌠.#....#
.......'.)>..'....#
.#.....#.o.⌠.#....#
#.....#.....#....#
...#######+###..### ..
#........#### . #...........#
#...........# ##......(...#


You could see an orc wizard.

Vanquished Creatures
  An orc priest (D:5)
  An adder skeleton (D:5)
  5 orcs (D:5)
7 creatures vanquished.

Notes
Turn   | Place    | Note
-------+----------+-------------------------------------------
     0 | D:5      | ANON1729 the Naga Delver began the quest for the Orb.
     0 | D:5      | Reached XP level 1. HP: 21/21 MP: 1/1
    30 | D:5      | Found an opulent altar of Gozag.
    46 | D:5      | Noticed an orc priest
   118 | D:5      | Noticed a jelly
   124 | D:5      | Found a staircase to the Ecumenical Temple.
   130 | Temple   | Entered the Ecumenical Temple
   138 | Temple   | Became a worshipper of the Wu Jian Council
   168 | D:5      | Reached XP level 2. HP: 28/28 MP: 2/2
   220 | D:5      | Found a runed translucent door.
   221 | D:5      | Noticed Crazy Yiuf
   297 | D:5      | Reached XP level 3. HP: 13/34 MP: 3/3
   299 | D:5      | HP: 1/34 [orc wizard/magic dart (9)]
   300 | D:5      | Killed from afar by an orc wizard

Illustrated notes

Levels and vault maps discovered:
D:4:      layout_basic, serial_shops, shop
D:5:      layout_basic, nicolae_gozag_cash_rules_everything_around_me,
          minmay_temple_entry_hall, nicolae_ossuary_entry_monument,
          nicolae_ru_awakened_eye, uniq_crazy_yiuf_cottage
Temple:   eino_temple_lava

Skill      XL: |  1  2 |
---------------+-------+-----
Dodging        | 2 |  2.1
Fighting       | |  3.4
Long Blades    | |  2.5
Stealth        | |  7.7

Action                   || total
-------------------------++-------
Melee: Falchion          ||    16
Invok: Lunge             ||     4
 Abil: Spit Poison       ||     6
  Use: Potion            ||     1
Dodge: Dodged            ||    10
       Rpst.: Falchion   ||     3

Table legend: (Time is in decaauts)
 A = Elapsed time spent in this place.
 B = Non-inter-level travel time spent in this place.
 C = Inter-level travel time spent in this place.
 D = Time resting spent in this place.
 E = Time spent auto-exploring this place.
 F = Levels seen in this place.
 G = Mean time per level.
                   A        B        C        D        E       F      G
               +--------+--------+--------+--------+--------+-----+--------+
         Total |    403 |    403 |      0 |      3 |    106 |   3 |  134.3 |
       Dungeon |    381 |    381 |      0 |      3 |    106 |   2 |  190.5 |
        Temple |     22 |     22 |      0 |      0 |      0 |   1 |   22.0 |
               +--------+--------+--------+--------+--------+-----+--------+

Top non-repeatable levels by time:
     D:5: 379 daAuts
  Temple: 22 daAuts
     D:4: 1 daAuts
